 Dungeon Crawl Stone Soup version 0.18.1-50-g88ac8fd (webtiles) character file.

32550 KarmaPolice the Bewitcher (level 13, -21/94 HPs)
             Began as a Vampire Enchanter on Sept 20, 2016.
             Was a High Priest of Dithmenos.
             Demolished by Rupert
             ... wielding a +0 battleaxe of electrocution
              (26 damage)
             ... on level 6 of the Lair of Beasts on Sept 21, 2016.
             The game lasted 01:34:52 (20625 turns).

KarmaPolice the Bewitcher (Vampire Enchanter)      Turns: 20625, Time: 01:34:53

Health: -21/94     AC:  9    Str:  8    XL:     13   Next: 32%
Magic:  26/27      EV: 14    Int: 18    God:    Dithmenos [*****.]
Gold:   814        SH:  0    Dex: 22    Spells: 5 memorised, 18 levels left

rFire  . . .     SeeInvis +     a - +3 dagger (pierce)
rCold  + . .     Gourm    .     C - +1 leather armour {rN+}
rNeg   + + +     Faith    .     (no shield)
rPois  +         Spirit   .     (no helmet)
rElec  .         Dismiss  .     D - +2 cloak
rCorr  .         Reflect  .     o - +0 pair of gloves
SustAt .         Harm     .     f - +0 pair of boots
MR     +....                    N - amulet of magic regeneration
Stlth  ++++++++++               x - +4 ring of dexterity
                                s - ring of stealth

@: regenerating slowly, wreathed by umbra, somewhat resistant to hostile
enchantments, uncannily stealthy
A: fangs 3, see invisible, unbreathing
a: Bat Form, Shadow Step, Shadow Form, Renounce Religion


You were on level 6 of the Lair of Beasts.
You worshipped Dithmenos.
Dithmenos was extremely pleased with you.
You were thirsty.

You visited 3 branches of the dungeon, and saw 20 of its levels.

You collected 1083 gold pieces.
You spent 269 gold pieces at shops.

Inventory:

Hand Weapons
 a - a +3 dagger of piercing (weapon)
 u - a +0 blowgun
Missiles
 v - 13 curare-tipped needles
Armour
 f - a +0 pair of boots (worn)
 o - a +0 pair of gloves (worn)
 C - a +1 leather armour of positive energy (worn)
 D - a +2 cloak (worn)
Jewellery
 s - a ring of stealth (left hand)
 x - a +4 ring of dexterity (right hand)
 F - an uncursed ring of ice {unknown}
 N - an amulet of magic regeneration (around neck)
Wands
 y - a wand of teleportation (4/9)
Scrolls
 b - 2 scrolls of fog
 e - 4 scrolls of magic mapping
 j - 2 scrolls of amnesia
 l - 2 scrolls of enchant armour
 p - 2 scrolls of remove curse
 r - a scroll of enchant weapon
 w - 2 scrolls of noise {unknown}
 B - 4 scrolls of teleportation
 H - 2 scrolls of blinking {unknown}
 J - a scroll of holy word {unknown}
 K - a scroll of fear {unknown}
 M - a scroll of identify
 O - a scroll of recharging {unknown}
Potions
 d - 23 potions of blood
 g - a potion of berserk rage {unknown}
 h - 5 potions of heal wounds
 i - 7 potions of curing
 k - a potion of ambrosia {unknown}
 m - 2 potions of magic {unknown}
 n - a potion of agility {unknown}
 q - 3 potions of brilliance
 t - a potion of degeneration {unknown}
 z - 2 potions of flight {unknown}
 A - 3 potions of haste {unknown}
 E - 2 potions of might {unknown}
 G - a potion of mutation {unknown}
 I - 2 potions of cancellation {unknown}
Books
 c - a book of Maledictions

   Spells                             Type                      Level
   a - Corona                         Hexes                        1
   b - Ensorcelled Hibernation        Hexes/Ice                    2
   c - Confuse                        Hexes                        3
   d - Tukima's Dance                 Hexes                        3
   e - Dazzling Spray                 Conjuration/Hexes            3
 L - a book of Alchemy

   Spells                             Type                      Level
   a - Sublimation of Blood           Necromancy                   2
   b - Ignite Poison                  Fire/Transmutation/Poison    3
   c - Petrify                        Transmutation/Earth          4
   d - Alistair's Intoxication        Transmutation/Poison         5
   e - Irradiate                      Conjuration/Transmutation    5


   Skills:
 - Level 6.5 Fighting
 - Level 6.1 Short Blades
 + Level 4.1 Dodging
 - Level 10.6 Stealth
 + Level 10.5 Spellcasting
 + Level 15.8 Hexes
 - Level 10.0 Ice Magic
 - Level 6.1 Invocations


You had 18 spell levels left.
You knew the following spells:

 Your Spells              Type           Power        Failure   Level  Hunger
a - Corona                Hex            ######.      0%          1    None
b - Ensorcelled Hibernat  Hex/Ice        ######       1%          2    None
c - Confuse               Hex            ######..     1%          3    None
d - Tukima's Dance        Hex            ######..     1%          3    None
e - Invisibility          Hex            ######..     2%          6    ######.


Dungeon Overview and Level Annotations

Branches:
Dungeon (13/15)            Temple (1/1) D:7            Lair (6/8) D:11
  Swamp (0/4) Lair:5        Snake (0/4) Lair:3        Slime (0/6) Lair:6
    Orc (0/2) D:11
 Vaults: D:13-14

Altars:
Ashenzari
Cheibriados
Dithmenos
Gozag
Makhleb
Nemelex Xobeh
Okawaru
Pakellas
Ru
Trog
Vehumet
Zin
The Shining One
Jiyva

Shops:
D:6 }   D:8 ?   D:9 [

Annotations:
D:9 Erica, Grum, Psyche
Lair:4 exclusion: oklob plant
Lair:6 Rupert


Innate Abilities, Weirdness & Mutations

You heal slowly.
You have razor-sharp teeth.
You have supernaturally acute eyesight.
You can survive without breathing.


Message History

Rupert resists with almost no effort.
Rupert roars wildly at you.
You suddenly lose the ability to move!
Rupert looks more energetic.
Rupert hits you with a battleaxe of electrocution!
Rupert roars madly and goes into a rage!
Rupert goes berserk!
Rupert hits you with a battleaxe of electrocution!!!
* * * LOW HITPOINT WARNING * * *
You are electrocuted!
* * * LOW HITPOINT WARNING * * *
You can move again.
Read which item? (? for menu, Esc to quit)
Okay, then.
Rupert barely misses you. Rupert hits you but does no damage.
Rupert stops glowing.
Found a runed long sword.
Rupert hits you with a battleaxe of electrocution!!
You die...

..#......##.........
............P##.........
..... ....... #........P
...P.. #....#####.....## .
......##.....####.....## #.
.)....#......P#.##.....#
.#.....................#####
....#.P.................#
.....####..@@......#..#.#
#.[......###......#######
.#.#....<.#.P......##
....##..............#
......#..#..........#
...................##
...............#...#
...................## ##
...#............P..# #####.


You could see Rupert (berserk).

Vanquished Creatures
  Snorg (D:12)
  Fannar (D:10)
  2 hydras
  The ghost of KarmaPolice the Jinx, a journeyman VSEn of Dithmenos (Lair:4)
  A death yak (Lair:5)
  Sonja (Lair:2)
  A deep elf mage (D:12)
  2 griffons
  The ghost of Tagedieb the Vexing, a novice OpEn (D:7)
  Joseph (D:8)
  Maurice (D:8)
  3 black mambas
  4 elephants (Lair:3)
  A torpor snail (Lair:5)
  4 spiny frogs
  7 komodo dragons
  A troll (D:12)
  A polar bear (Lair:4)
  Prince Ribbit (D:7)
  7 blink frogs
  Sigmund (D:5)
  A shadow (D:12)
  A wyvern (D:9)
  23 yaks
  A basilisk (Lair:3)
  9 hippogriffs
  2 steam dragons
  Edmund (D:5)
  3 wargs
  10 porcupines
  24 water moccasins
  2 orc warriors
  3 sky beasts
  6 ice beasts
  2 black bears
  3 centaurs
  2 wasps (D:10)
  5 ogres
  A wolf (D:9)
  13 crocodiles
  A big kobold (D:8)
  A gnoll sergeant (D:7)
  20 giant frogs
  9 scorpions
  A wyvern skeleton (D:10)
  9 killer bees
  A wight (D:12)
  2 electric eels
  2 centaur zombies
  2 crimson imps
  A quasit (D:10)
  9 hounds
  4 jellies
  2 giant frog skeletons
  2 centaur skeletons
  7 orc priests
  9 orc wizards
  Crazy Yiuf (D:5)
  8 worker ants
  9 iguanas
  A hell rat (D:11)
  4 sheep (Lair:4)
  A yak simulacrum (D:11)
  2 hound skeletons
  A howler monkey skeleton (D:5)
  2 worker ant zombies
  19 gnolls
  33 adders
  50 river rats
  5 shadow imps
  An adder skeleton (D:8)
  2 worms
  3 dart slugs
  3 giant geckos
  33 orcs
  A ball python (D:5)
  4 bats
  10 giant cockroaches
  13 hobgoblins
  9 jackals
  5 kobolds
  4 quokkas
  A giant gecko zombie (D:5)
  7 giant newts
  2 goblins
  A quokka zombie (D:5)
  2 rats (D:11)
  A river rat simulacrum (D:11)
475 creatures vanquished.

Vanquished Creatures (collateral kills)
  2 hill giants
  A necromancer (D:11)
  A two-headed ogre (D:11)
  An orc warrior (D:11)
  An ogre (D:8)
  3 wights (D:12)
9 creatures vanquished.

Vanquished Creatures (others)
  2 dancing weapons
  A shadow imp (D:10)
  An orc (D:10)
  A quokka (D:10)
  5 fungi
10 creatures vanquished.

Grand Total: 494 creatures vanquished

Notes
Turn   | Place    | Note
--------------------------------------------------------------
     0 | D:1      | KarmaPolice the Vampire Enchanter began the quest for the Orb.
     0 | D:1      | Reached XP level 1. HP: 13/13 MP: 3/3
   333 | D:1      | Reached XP level 2. HP: 17/19 MP: 3/5
   874 | D:1      | Learned a level 2 spell: Ensorcelled Hibernation
  1073 | D:1      | Reached skill level 5 in Hexes
  1381 | D:2      | Reached XP level 3. HP: 24/24 MP: 6/6
  1937 | D:2      | Reached XP level 4. HP: 30/30 MP: 6/8
  1988 | D:2      | Learned a level 3 spell: Confuse
  2808 | D:3      | Found a sacrificial altar of Ru.
  2814 | D:3      | Reached XP level 5. HP: 33/35 MP: 9/9
  2968 | D:3      | Found an oddly glowing altar of Pakellas.
  2968 | D:3      | Noticed a hungry ghost
  3087 | D:4      | Reached skill level 6 in Hexes
  3143 | D:4      | Found a glowing silver altar of Zin.
  3453 | D:4      | Found a radiant altar of Vehumet.
  3453 | D:4      | Found an iron altar of Okawaru.
  3575 | D:5      | Entered Level 5 of the Dungeon
  3609 | D:5      | Noticed Edmund
  3621 | D:5      | Noticed Sigmund
  3624 | D:5      | Killed Edmund
  3624 | D:5      | Reached skill level 5 in Stealth
  3624 | D:5      | Reached skill level 1 in Ice Magic
  3624 | D:5      | Reached XP level 6. HP: 41/41 MP: 5/11
  3663 | D:5      | Killed Sigmund
  3663 | D:5      | Reached skill level 7 in Hexes
  3820 | D:5      | Reached XP level 7. HP: 38/46 MP: 12/12
  4481 | D:5      | Learned a level 3 spell: Tukima's Dance
  4842 | D:5      | Noticed Crazy Yiuf
  4847 | D:5      | Killed Crazy Yiuf
  4876 | D:5      | Reached skill level 8 in Hexes
  4919 | D:5      | Reached XP level 8. HP: 52/52 MP: 9/14
  5332 | D:6      | Found a snail-covered altar of Cheibriados.
  5644 | D:6      | Found Ibriogak's Gadget Shop.
  5704 | D:6      | Reached skill level 5 in Spellcasting
  6560 | D:7      | Found a staircase to the Ecumenical Temple.
  6569 | Temple   | Entered the Ecumenical Temple
  6575 | Temple   | Became a worshipper of Dithmenos the Shadowed
  6635 | D:7      | Found a glowing golden altar of the Shining One.
  6901 | D:7      | Noticed Prince Ribbit
  6908 | D:7      | Killed Prince Ribbit
  6908 | D:7      | Reached skill level 10 in Hexes
  7062 | D:7      | Noticed Tagedieb's ghost (novice OpEn)
  7077 | D:7      | Killed Tagedieb's ghost
  7077 | D:7      | Reached skill level 5 in Ice Magic
  7077 | D:7      | Reached skill level 1 in Invocations
  7077 | D:7      | Reached XP level 9. HP: 52/57 MP: 12/17
  7785 | D:7      | Found a sparkling altar of Nemelex Xobeh.
  8152 | D:8      | Noticed Joseph
  8163 | D:8      | Killed Joseph
  8178 | D:8      | Reached * piety under Dithmenos
  8377 | D:8      | Noticed Maurice
  9192 | D:8      | Reached skill level 11 in Hexes
  9257 | D:8      | Reached skill level 10 in Stealth
  9264 | D:8      | Killed Maurice
  9317 | D:8      | Reached XP level 10. HP: 70/70 MP: 10/19
 10008 | D:8      | Found Reingyly's Magic Scroll Boutique.
 10012 | D:8      | Bought a scroll of brand weapon for 220 gold pieces
 10012 | D:8      | Bought a scroll of random uselessness for 11 gold pieces
 10012 | D:8      | Bought a scroll of immolation for 38 gold pieces
 10298 | D:9      | Noticed Psyche
 10325 | D:9      | Reached ** piety under Dithmenos
 10429 | D:9      | Noticed Grum
 10435 | D:9      | Noticed a white ugly thing
 10715 | D:9      | Noticed Erica
 10791 | D:9      | Found Didoileaq's Armour Shoppe.
 10826 | D:10     | Entered Level 10 of the Dungeon
 11042 | D:10     | Reached skill level 12 in Hexes
 11098 | D:10     | Reached *** piety under Dithmenos
 11403 | D:10     | Learned a level 6 spell: Invisibility
 11555 | D:10     | Noticed Fannar
 11583 | D:10     | Noticed a hill giant
 11593 | D:10     | Killed a hill giant
 11672 | D:10     | Reached skill level 5 in Invocations
 11865 | D:10     | Killed Fannar
 11865 | D:10     | Reached XP level 11. HP: 75/75 MP: 15/22
 12393 | D:11     | Noticed a hill giant
 12533 | D:11     | Found a staircase to the Orcish Mines.
 12753 | D:11     | Reached skill level 13 in Hexes
 12821 | D:11     | Found a staircase to the Lair.
 12967 | D:11     | Noticed a cyan ugly thing
 13326 | D:11     | Reached **** piety under Dithmenos
 13386 | D:11     | Noticed a hill giant
 13392 | D:11     | Killed a hill giant
 13744 | D:11     | Noticed a necromancer
 13785 | D:11     | Killed a necromancer
 14056 | D:12     | Noticed a deep elf mage
 14060 | D:12     | Killed a deep elf mage
 14414 | D:12     | Noticed Snorg
 14431 | D:12     | Killed Snorg
 14747 | D:12     | Noticed a green ugly thing
 14918 | D:12     | Noticed a green ugly thing
 14942 | Lair:1   | Entered Level 1 of the Lair of Beasts
 15185 | Lair:1   | Noticed an eight-headed hydra
 15213 | Lair:1   | Reached skill level 14 in Hexes
 15385 | Lair:1   | Killed an eight-headed hydra
 15467 | Lair:1   | Reached XP level 12. HP: 83/83 MP: 25/25
 15674 | Lair:2   | Noticed Sonja
 15884 | Lair:2   | Killed Sonja
 16404 | Lair:2   | Reached skill level 5 in Fighting
 16977 | Lair:3   | Reached ***** piety under Dithmenos
 16980 | Lair:3   | Noticed a catoblepas
 17054 | Lair:2   | You are sucked into a shaft!
 17296 | Lair:3   | Found a staircase to the Snake Pit.
 17347 | Lair:3   | Reached skill level 15 in Hexes
 17893 | Lair:3   | Reached skill level 10 in Spellcasting
 18169 | Lair:3   | Reached skill level 10 in Ice Magic
 18585 | Lair:4   | Reached skill level 5 in Short Blades
 18656 | Lair:4   | Found a bloodstained altar of Trog.
 18813 | Lair:4   | Reached XP level 13. HP: 92/94 MP: 24/27
 19153 | Lair:4   | Found a burning altar of Makhleb.
 19305 | Lair:4   | Noticed KarmaPolice's ghost (journeyman VSEn)
 19330 | Lair:4   | Killed KarmaPolice's ghost
 20174 | Lair:5   | Found a staircase to the Swamp.
 20467 | Lair:6   | Found a viscous altar of Jiyva.
 20469 | Lair:6   | Found a staircase to the Slime Pits.
 20564 | Lair:6   | Noticed Rupert
 20614 | Lair:6   | Paralysed by Rupert for 6 turns
 20619 | Lair:6   | HP: 4/94 [Rupert/battleaxe of electrocution (11)]
 20625 | Lair:6   | Demolished by Rupert

Skill      XL: |  1  2  3  4  5  6  7  8  9 10 11 12 13 |
---------------+----------------------------------------+-----
Short Blades   | 2 3 4 5 6 |  6.1
Hexes          | 5 6 7 8 10 11 12 14 15 | 15.8
Spellcasting   | 3 4 5 6 7 9 10 | 10.5
Stealth        | 5 7 9 10 | 10.6
Ice Magic      | 1 2 3 5 7 8 10 | 10.0
Invocations    | 1 2 5 6 |  6.1
Fighting       | 3 4 6 |  6.5
Dodging        | 4 |  4.1

Action                   |  1- 3 |  4- 6 |  7- 9 | 10-12 | 13-15 || total
-------------------------+-------+-------+-------+-------+-------++-------
Melee: Dagger            |   109 |   106 |   320 |   625 |   134 ||  1294
       Bite              |    12 |     7 |    21 |    56 |    15 ||   111
       Rapier            |       |       |       |    12 |       ||    12
 Fire: Blowgun           |       |     8 |     3 |       |       ||    11
 Cast: Corona            |    14 |     4 |    23 |    51 |    17 ||   109
       Ensorcelled Hiber |     6 |     7 |    68 |   161 |    51 ||   293
       Confuse           |       |     3 |    24 |    31 |    11 ||    69
       Tukima's Dance    |       |       |     7 |    15 |       ||    22
       Invisibility      |       |       |       |     3 |       ||     3
Invok: Shadow Step       |       |       |       |       |     1 ||     1
 Abil: End Transformatio |       |       |     4 |     7 |     3 ||    14
       Bat Form          |       |       |     4 |     7 |     3 ||    14
  Use: Scroll            |       |       |     9 |    10 |     2 ||    21
       Potion            |       |       |     8 |     8 |       ||    16
 Stab: Sleeping          |    12 |    13 |    53 |   193 |    66 ||   337
       Confused          |       |     2 |    14 |    12 |     4 ||    32
       Distracted        |       |       |     1 |     1 |     1 ||     3
       Invisible         |       |       |       |     3 |       ||     3
  Eat: Corpse            |     4 |     1 |     5 |     4 |       ||    14
Armor: Robe              |    44 |    24 |    73 |       |       ||   141
       Leather armour    |       |       |     2 |   186 |    12 ||   200
Dodge: Dodged            |    73 |    56 |   154 |   368 |    66 ||   717
